Map: Ruins of Seras

Players

Dayshi - Winner!

  • Race: Terran Terran
  • League: Grandmaster

Nerchio

  • Race: Zerg Zerg
  • League: Grandmaster

Event: 2016 WCS Winter Challenger Europe

VOD

https://www.youtube.com/watch?v=RnGf-ByBTKs

Description

Time

  • Played on: Feb. 13, 2016, 11:37 a.m.
  • Length: 11:57

All games in this series

Show
View Real Time Build Order
Export as new Build Order

Dayshi Terran - Winner!

Build Orders: Reaper Expand, Hellion Banshee, MMM Bio 

Get SALT Encoding   

  12  0:01  SCV  
  13  0:13  SCV  
  14  0:17  Supply Depot  
  14  0:25  SCV  
  15  0:39  SCV  
  15  0:42  Barracks  
  16  0:44  Refinery  
  16  0:51  SCV  
  17  1:03  SCV  
  18  1:15  SCV  
  19  1:29  Reaper, Orbital Command  
  20  1:43  Command Center  
  20  1:52  Supply Depot  
  20  1:55  SCV  
  21  2:01  Marine  
  22  2:09  Factory  
  22  2:12  SCV  
  23  2:20  Refinery  
  23  2:23  Barracks Reactor  
  23  2:25  SCV  
  24  2:37  SCV  
  24  2:49  SCV  
  25  2:59  Starport  
  25  3:01  SCV  
  25  3:05  Orbital Command  
  26  3:06  Barracks Tech Lab  
  26  3:11  Hellion x2  
  30  3:13  SCV  
  31  3:25  SCV  
  32  3:31  Supply Depot  
  32  3:33  Hellion x2  
  36  3:34  Barracks Tech Lab  
  36  3:35  SCV  
  37  3:43  SCV  
  37  3:47  SCV  
  39  3:54  Banshee, Hellion x2  
  46  3:57  Cloaking Field  
  46  4:00  SCV  
  47  4:05  SCV  
  47  4:06  Marine  
  49  4:11  Supply Depot  
  49  4:13  Stimpack  
  49  4:16  SCV  
  50  4:17  Supply Depot  
  50  4:24  Marine  
  50  4:29  Factory Reactor  
  50  4:31  SCV x2  
  52  4:33  Barracks  
  52  4:35  Barracks  
  52  4:42  Banshee  
  52  4:43  SCV x2  
  52  4:44  Marine  
  58  4:57  Command Center  
  58  5:02  SCV x2, Marine  
  61  5:14  SCV x2  
  61  5:15  Factory Reactor  
  62  5:23  Marine x2  
  62  5:26  SCV x2  
  65  5:31  Engineering Bay  
  65  5:34  Engineering Bay  
  65  5:38  SCV x2  
  65  5:39  Refinery  
  65  5:40  Refinery, Supply Depot  
  67  5:48  Marine x3  
  70  6:01  Marine x2  
  70  6:02  SCV x2  
  74  6:12  Marine  
  74  6:13  Marine x2  
  74  6:14  SCV x2  
  74  6:15  Terran Infantry Weapons Level 1, Terran Infantry Armor Level 1  
  74  6:16  Barracks  
  74  6:17  Barracks  
  80  6:19  Marine, Orbital Command  
  80  6:21  Medivac  
  80  6:24  Medivac  
  84  6:26  SCV x2  
  84  6:29  Marauder  
  88  6:36  Marine x3  
  88  6:38  SCV  
  92  6:40  Armory  
  92  6:43  Supply Depot  
  92  6:45  Supply Depot  
  92  6:48  Supply Depot  
  92  6:49  Combat Shields  
  92  6:54  SCV  
  93  7:04  SCV x2, Medivac  
  93  7:05  Supply Depot  
  93  7:06  Supply Depot, SCV  
  98  7:10  Medivac  
  98  7:12  Barracks Tech Lab x2, Marine  
  101  7:16  SCV x2  
  101  7:18  Marine x2  
  101  7:21  Marine x2  
  107  7:30  Supply Depot, Marine  
  107  7:33  Liberator  
  107  7:34  Liberator  
  107  7:36  Marine  
  104  7:37  Marine  
  104  7:39  Marine x4  
  105  7:48  Marine  
  105  7:54  Missile Turret, Marine x2  
  105  7:56  Marine  
  105  7:57  Factory Reactor, Marine x3  
  111  8:00  SCV x3  
  111  8:04  Missile Turret  
  114  8:06  Marine  
  114  8:11  Terran Infantry Weapons Level 2, Terran Infantry Armor Level 2  
  114  8:12  SCV x2, Marine  
  118  8:13  Concussive Shells  
  118  8:19  Marine x3  
  122  8:20  Marauder x2  
  122  8:24  SCV x2  
  122  8:25  SCV  
  122  8:26  Marine  
  128  8:30  Marine  
  129  8:37  Marine x2  
  129  8:38  Marauder  
  129  8:39  Medivac x2  
  129  8:40  Marine  
  135  8:41  Marauder  
  135  8:44  Marine  
  135  8:48  Marine  
  135  8:50  Refinery  
  135  8:51  Refinery  
  135  8:53  Supply Depot  
  135  8:54  Supply Depot  
  135  8:55  Marine x2  
  136  8:59  Marauder, Marine  
  136  9:02  Marine  
  138  9:03  Marauder  
  138  9:06  Marine  
  138  9:13  Factory Tech Lab, Marine  
  138  9:14  Marine  
  128  9:17  Marauder  
  128  9:20  Marauder, Marine  
  128  9:22  Medivac x2  
  128  9:23  Marine  
  128  9:24  Marauder  
  128  9:30  Marine  
  119  9:32  Marine  
  119  9:33  Barracks  
  119  9:34  Barracks  
  119  9:35  Liberator x2  
  119  9:38  Marauder, Marine  
  115  9:41  Marine  
  115  9:42  Marauder  
  115  9:45  Command Center  
  117  9:46  Marauder  
  117  9:48  Marine  
  117  9:50  Marine  
  117  9:52  Siege Tank  
  130  9:56  SCV x3, Marine  
  130  9:59  Marine  
  137  10:00  Marauder  
  137  10:03  Marauder  
  137  10:06  Marine  
  142  10:07  Marauder  
  142  10:08  Marine  
  142  10:13  Marine  
  143  10:17  Marine  
  144  10:21  Marauder  
  144  10:24  Marauder  
  144  10:25  Marine  
  144  10:26  Marine  
  143  10:28  Marauder  
  143  10:29  Siege Tank  
  143  10:33  Barracks Tech Lab  
  144  10:37  Barracks Tech Lab  
  144  10:39  SCV x3  
  144  10:42  Marauder, Marine x3  
  151  10:46  Marauder  
  151  10:49  Ghost Academy  
  153  10:50  Marauder, Marine  
  153  10:51  SCV  
  153  10:56  Marine  
  159  10:57  SCV  
  159  10:58  Marauder  
  159  10:59  Orbital Command  
  159  11:00  Marine x3  
  166  11:04  Marauder  
  166  11:07  Marauder  
  166  11:08  Marine  
  169  11:11  Marauder  
  169  11:18  Marine  
  172  11:28  Marauder, Marine  
  172  11:30  Marine  
  172  11:31  Marine  
  172  11:32  Marauder  
  171  11:33  Marauder x2  
  171  11:34  Marauder  
  171  11:35  Marine  
  160  11:50  Supply Depot  
  160  11:52  Supply Depot  
Show
View Real Time Build Order
Export as new Build Order

Nerchio Zerg 

Build Orders: Pool First 

Get SALT Encoding   

  12  0:01  Drone  
  13  0:12  Overlord  
  13  0:18  Drone  
  14  0:31  Drone x2  
  14  0:34  Drone  
  17  0:46  Spawning Pool  
  17  0:49  Drone  
  17  0:56  Drone  
  18  1:14  Hatchery  
  18  1:17  Drone  
  18  1:21  Drone  
  18  1:24  Extractor  
  18  1:33  Queen  
  18  1:36  Zergling x2  
  18  1:39  Drone  
  22  1:50  Overlord  
  22  2:09  Drone, Queen  
  22  2:11  Drone  
  26  2:24  Metabolic Boost  
  26  2:27  Drone x2  
  26  2:28  Queen  
  30  2:32  Drone  
  31  2:41  Drone  
  31  2:42  Drone  
  31  2:43  Drone  
  34  2:45  Drone  
  34  2:49  Overlord  
  34  2:50  Drone  
  35  3:04  Hatchery  
  34  3:09  Overlord  
  34  3:11  Drone  
  34  3:12  Drone  
  36  3:14  Drone  
  36  3:16  Drone  
  36  3:18  Drone  
  39  3:22  Zergling x4  
  39  3:24  Zergling x2  
  42  3:31  Extractor  
  42  3:32  Drone x2  
  43  3:36  Roach Warren  
  43  3:38  Drone  
  43  3:41  Drone  
  44  3:42  Drone  
  44  3:44  Drone  
  46  3:48  Overlord  
  46  3:50  Zergling x2  
  46  3:54  Drone  
  48  3:55  Overlord  
  48  4:03  Overlord  
  48  4:16  Spore Crawler  
  47  4:17  Drone  
  47  4:18  Roach x5  
  47  4:21  Drone x2  
  47  4:23  Drone  
  61  4:25  Drone  
  61  4:26  Drone  
  62  4:31  Drone x3  
  62  4:33  Drone  
  62  4:36  Spore Crawler  
  65  4:40  Lair  
  65  4:45  Spore Crawler  
  64  4:49  Drone, Extractor  
  64  4:50  Drone x2, Extractor  
  64  4:52  Overlord  
  65  4:54  Drone  
  65  4:58  Drone x2  
  65  4:59  Drone  
  69  5:01  Drone  
  69  5:04  Drone x2  
  72  5:07  Overlord  
  72  5:10  Drone  
  72  5:11  Drone  
  72  5:13  Overlord  
  74  5:18  Drone  
  74  5:19  Drone x2  
  74  5:20  Drone  
  77  5:28  Drone  
  76  5:31  Drone x2  
  76  5:32  Evolution Chamber  
  76  5:34  Spore Crawler, Evolution Chamber  
  75  5:38  Glial Reconstitution  
  75  5:39  Spire  
  75  5:40  Drone  
  75  5:45  Roach x2  
  75  5:49  Roach  
  81  5:50  Extractor x2  
  79  5:57  Zergling x8  
  79  6:01  Drone x3  
  79  6:03  Overlord  
  84  6:06  Overseer  
  79  6:11  Drone  
  79  6:12  Drone x5  
  83  6:36  Drone x3  
  83  6:38  Drone x2  
  83  6:39  Drone  
  89  6:42  Roach x3  
  89  6:43  Roach  
  95  6:50  Mutalisk x2  
  95  6:51  Mutalisk x3  
  105  6:55  Zerg Ground Armor Level 1, Zerg Missile Weapons Level 1  
  105  7:10  Hatchery  
  105  7:11  Queen  
  105  7:15  Overlord  
  106  7:18  Overlord  
  106  7:31  Queen  
  106  7:35  Mutalisk x2  
  106  7:39  Drone x6  
  106  7:40  Drone x2  
  108  7:44  Infestation Pit  
  108  7:48  Roach  
  108  7:49  Roach x3  
  111  7:53  Roach x2  
  111  7:56  Roach  
  111  7:58  Roach x2  
  119  7:59  Roach  
  119  8:05  Overlord x2  
  121  8:07  Overlord, Hatchery  
  121  8:08  Ravager x2  
  121  8:11  Overlord  
  121  8:12  Overlord  
  122  8:17  Overlord  
  122  8:21  Overlord  
  122  8:23  Pathogen Glands  
  122  8:25  Ravager x6  
  122  8:26  Ravager x3  
  131  8:29  Roach x2  
  131  8:31  Roach  
  131  8:33  Roach  
  139  8:34  Roach  
  139  8:36  Roach  
  139  8:38  Roach  
  139  8:41  Infestor  
  137  8:44  Roach x2  
  137  8:45  Roach  
  141  8:49  Roach x2  
  141  8:51  Roach  
  141  8:53  Roach  
  141  8:54  Roach  
  147  8:56  Roach  
  147  8:58  Roach  
  147  9:00  Drone x2  
  146  9:11  Roach x7  
  146  9:14  Roach  
  146  9:16  Roach  
  147  9:17  Roach  
  147  9:19  Roach  
  147  9:20  Roach  
  147  9:22  Roach  
  147  9:24  Roach  
  133  9:25  Roach  
  133  9:28  Roach  
  133  9:29  Roach  
  133  9:30  Infestor  
  134  9:34  Roach  
  134  9:35  Roach  
  134  9:37  Roach  
  130  9:41  Roach x3  
  130  9:44  Roach  
  130  9:45  Roach  
  138  9:47  Ravager  
  139  9:53  Roach x2  
  139  9:54  Roach  
  139  9:57  Roach x2  
  139  9:58  Roach  
  151  10:00  Drone x2  
  151  10:02  Drone x2  
  151  10:06  Extractor  
  154  10:08  Extractor  
  154  10:10  Roach x2  
  157  10:14  Roach  
  157  10:15  Roach x3  
  157  10:18  Roach  
  157  10:19  Roach  
  167  10:22  Roach x2  
  167  10:27  Roach x3  
  171  10:34  Hive  
  171  10:36  Overlord x3  
  171  10:39  Overlord  
  171  10:43  Overlord  
  171  10:44  Overlord  
  171  10:45  Pneumatized Carapace  
  171  10:56  Ravager x4  
  170  10:57  Ravager  
  170  10:58  Zergling x2  
  170  10:59  Zergling x18  
  170  11:02  Zergling x4  
  182  11:07  Infestor  
  184  11:18  Infestor x2  
  184  11:22  Roach x4  
  185  11:36  Roach  
  185  11:38  Roach  
Tags
 
Add a new tag
Caveats
  • Supply blocks, unpowered buildings, or Contaminate may cause inaccurate times.
  • Supply counts are checked every 10 seconds.